Map: Jardín de sombras

Players

MrFercho - Winner!

  • Race: Zerg Zerg
  • League: Gold
  • Spawn Location: 1:00

TATORREA

  • Race: Protoss Protoss
  • League: Gold
  • Spawn Location: 7:00

tigro

  • Race: Terran Terran
  • League: Bronze
  • Spawn Location: 11:00

IA (Fácil)

  • Race: Terran Terran
  • Spawn Location: 5:00

IA (Fácil)

  • Race: Terran Terran
  • Spawn Location: 1:00

IA (Fácil)

  • Race: Terran Terran
  • Spawn Location: 11:00

IA (Fácil)

  • Race: Zerg Zerg
  • Spawn Location: 7:00

IA (Fácil)

  • Race: Zerg Zerg
  • Spawn Location: 5:00

VOD

Have the link to the VOD?

Description

Time

  • Played on: July 28, 2020, 9:46 p.m.
  • Length: 35:10
Show
View Real Time Build Order
Export as new Build Order

MrFercho Zerg - Winner!

Build Orders: Pool First 

Get SALT Encoding   

  12  0:20  Spawning Pool  
  11  0:22  Drone  
  12  0:30  Drone  
  12  0:31  Drone  
  14  0:44  Overlord  
  14  0:50  Overlord  
  14  1:09  Queen  
  16  1:11  Zergling x2  
  16  1:12  Zergling x2  
  16  1:17  Zergling x2  
  19  1:29  Drone  
  20  1:48  Zergling x2  
  21  2:01  Drone  
  22  2:04  Drone  
  21  2:12  Zergling x2  
  20  2:48  Zergling x8  
  24  2:55  Extractor  
  24  2:56  Drone  
  23  3:02  Zergling x2  
  24  3:27  Zergling x8  
  28  3:38  Drone  
  29  3:55  Drone  
  30  4:00  Overlord x2  
  30  4:06  Hatchery  
  29  4:21  Metabolic Boost  
  29  4:24  Drone  
  29  4:27  Drone  
  29  4:29  Extractor  
  30  4:33  Drone x2  
  32  4:55  Drone  
  33  5:02  Hatchery  
  32  5:19  Drone  
  32  5:20  Drone x5  
  38  5:26  Queen  
  40  5:31  Roach Warren  
  39  5:39  Drone  
  39  5:42  Drone x3  
  43  6:13  Lair  
  43  6:18  Roach  
  43  6:19  Roach x6  
  52  6:44  Drone x6  
  52  6:45  Overlord x3  
  52  6:46  Overlord  
  58  6:49  Extractor  
  58  6:50  Extractor, Queen  
  58  7:02  Evolution Chamber  
  58  7:03  Evolution Chamber  
  56  7:10  Pneumatized Carapace  
  56  7:12  Hatchery  
  55  7:24  Drone x3  
  55  7:25  Drone x2  
  55  7:26  Drone  
  61  7:32  Drone x2  
  61  7:33  Drone x3  
  61  7:35  Drone  
  67  7:48  Zerg Missile Weapons Level 1  
  67  7:49  Zerg Ground Armor Level 1  
  67  7:51  Drone  
  67  7:52  Drone x2  
  67  7:57  Hatchery  
  69  8:43  Overlord x2  
  69  8:46  Drone x3  
  69  8:47  Drone x14  
  86  9:01  Hydralisk Den  
  85  9:04  Infestation Pit  
  84  9:10  Evolution Chamber  
  84  9:14  Drone x6  
  84  9:15  Drone x5  
  94  9:27  Spire  
  93  9:35  Queen  
  95  9:39  Muscular Augments  
  95  9:45  Zerg Ground Armor Level 2  
  95  9:49  Zerg Melee Weapons Level 1  
  95  9:57  Spore Crawler  
  94  10:00  Overseer  
  94  10:06  Zerg Missile Weapons Level 2  
  94  10:11  Ravager x4, Hydralisk x8  
  94  10:12  Hydralisk x2  
  117  10:29  Spore Crawler  
  117  10:33  Spore Crawler  
  113  10:36  Queen  
  113  10:41  Extractor  
  114  10:43  Extractor  
  114  10:46  Extractor  
  114  10:47  Extractor  
  114  10:48  Drone x3  
  114  10:49  Drone  
  116  10:50  Drone x2  
  116  10:51  Grooved Spines  
  116  10:54  Overlord x4  
  116  10:55  Overlord x6  
  116  10:56  Overlord  
  117  11:03  Zerg Flyer Weapons Level 1  
  117  11:09  Spire  
  116  11:27  Hive  
  116  11:31  Mutalisk x5  
  126  12:20  Extractor  
  125  12:23  Extractor  
  124  12:35  Hydralisk x13  
  124  12:36  Hydralisk x5  
  160  12:55  Hatchery  
  159  12:59  Drone x3  
  159  13:01  Drone x3  
  159  13:03  Drone x5  
  170  13:07  Zerg Melee Weapons Level 2  
  170  13:08  Zerg Missile Weapons Level 3, Zerg Ground Armor Level 3  
  170  13:15  Hatchery  
  170  13:19  Lurker Den  
  168  13:36  Greater Spire  
  168  13:37  Zerg Flyer Weapons Level 2  
  168  14:00  Neural Parasite  
  168  14:03  Glial Reconstitution  
  168  14:10  Hydralisk x8  
  168  14:11  Hydralisk  
  186  14:19  Drone x12  
  198  14:33  Spore Crawler  
  198  14:36  Spine Crawler  
  198  14:37  Spine Crawler x2  
  193  14:59  Drone  
  195  15:00  Drone x3  
  197  15:10  Zergling x4  
  199  15:19  Pathogen Glands  
  199  15:49  Corruptor x6  
  187  15:50  Corruptor x2  
  177  16:07  Hydralisk x11  
  199  16:13  Seismic Spines  
  199  16:15  Zerg Melee Weapons Level 3  
  199  16:16  Adrenal Glands  
  199  16:19  Zerg Flyer Weapons Level 3  
  199  16:21  Zerg Flyer Armor Level 1  
  199  16:31  Extractor  
  199  16:32  Extractor  
  181  16:55  Hydralisk x2  
  181  16:56  Hydralisk x7  
  199  17:10  Adaptive Talons  
  197  17:28  Lurker x9  
  197  17:29  Lurker x3  
  197  18:25  Overseer  
  197  18:31  Zerg Flyer Armor Level 2  
  197  18:33  Nydus Network  
  196  18:48  Corruptor x2  
  200  19:58  Burrow  
  191  20:48  Corruptor x4  
  199  20:55  Spore Crawler  
  190  20:59  Spine Crawler  
  190  21:00  Spine Crawler  
  190  21:01  Spore Crawler  
  190  21:02  Hatchery  
  158  21:04  Spine Crawler  
  158  21:05  Spine Crawler  
  158  21:07  Hatchery, Spine Crawler  
  146  21:15  Hydralisk  
  146  21:16  Hydralisk x24  
  146  21:17  Hydralisk x9  
  200  21:18  Hydralisk  
  189  21:43  Queen  
  191  22:00  Spore Crawler  
  190  22:20  Extractor, Hatchery  
  188  22:24  Extractor  
  188  22:28  Hydralisk x6  
  146  22:55  Hydralisk x8  
  146  22:56  Hydralisk x14  
  190  23:13  Hydralisk x5  
  196  23:39  Hydralisk x2  
  122  24:01  Zergling x20  
  122  24:02  Zergling x36  
  117  24:15  Spine Crawler  
  112  24:42  Hydralisk  
  112  24:43  Hydralisk x23  
  112  24:44  Hydralisk x6  
  172  24:49  Lurker x5  
  172  24:51  Hydralisk x3  
  183  25:05  Zerg Flyer Armor Level 3  
  183  25:13  Hydralisk x8  
  199  25:36  Overseer  
  199  26:21  Overlord x2  
  199  26:22  Overlord  
  199  26:27  Overlord x3  
  199  26:28  Overlord x2  
  199  27:04  Nydus Canal  
  199  27:22  Nydus Canal  
  199  27:36  Overseer  
  188  27:58  Hydralisk  
  188  27:59  Hydralisk x6  
  181  28:14  Overlord x3  
  181  28:40  Overseer  
  181  28:43  Hydralisk x9  
  199  29:08  Nydus Canal  
  199  30:44  Hatchery  
  198  30:50  Hatchery  
  197  31:06  Nydus Canal  
  197  31:08  Extractor, Hatchery  
  195  31:11  Extractor  
  166  31:53  Hydralisk x16  
  166  31:54  Hydralisk x3  
  182  31:55  Hydralisk x2  
  186  32:35  Lurker x11  
  186  32:36  Lurker x3  
  192  34:04  Hydralisk x4  
Show
View Real Time Build Order
Export as new Build Order

TATORREA Protoss 

Build Orders:  

Get SALT Encoding   

  12  0:03  Probe  
  13  0:15  Probe  
  14  0:28  Pylon  
  14  0:37  Probe (Chrono Boost)  
  15  0:47  Probe (Chrono Boost)  
  16  0:52  Probe (Chrono Boost)  
  16  0:53  Gateway  
  17  0:59  Assimilator  
  17  1:04  Probe  
  17  1:05  Pylon  
  18  1:16  Probe  
  19  1:28  Probe  
  19  1:40  Probe  
  20  2:02  Probe  
  15  2:26  Zealot  
  17  2:36  Probe (Chrono Boost)  
  18  2:48  Probe (Chrono Boost)  
  19  2:53  Zealot  
  19  2:54  Probe (Chrono Boost)  
  22  3:02  Probe  
  23  3:05  Cybernetics Core  
  23  3:14  Probe  
  24  3:20  Zealot  
  26  3:28  Gateway  
  26  3:48  Warp Gate  
  22  3:57  Assimilator  
  22  3:58  Zealot (Chrono Boost)  
  24  4:15  Stalker  
  24  4:16  Stalker  
  23  4:45  Stalker  
  23  4:46  Stalker  
  23  4:52  Probe  
  26  5:04  Probe  
  27  5:16  Probe  
  28  5:35  Probe  
  29  5:41  Stalker  
  31  5:50  Pylon  
  31  5:54  Pylon  
  31  5:56  Pylon  
  31  5:58  Pylon  
  31  6:01  Gateway  
  31  6:04  Gateway  
  31  6:07  Gateway  
  31  6:08  Probe  
  32  6:20  Probe  
  33  6:26  Stalker x2  
  37  6:33  Probe  
  38  6:44  Twilight Council  
  38  6:47  Forge  
  38  6:49  Forge  
  38  6:51  Probe  
  39  6:55  Pylon  
  39  7:11  Zealot x3  
  45  7:26  Protoss Ground Weapons Level 1 (Chrono Boost)  
  45  7:27  Protoss Shields Level 1 (Chrono Boost)  
  45  7:32  Charge (Chrono Boost)  
  45  7:51  Stargate  
  45  7:53  Probe (Chrono Boost)  
  46  8:03  Probe (Chrono Boost)  
  47  8:08  Probe (Chrono Boost)  
  48  8:19  Probe  
  49  8:22  Nexus  
  49  8:31  Probe  
  50  8:39  Void Ray  
  54  8:43  Probe  
  55  8:55  Probe  
  55  9:00  Protoss Air Weapons Level 1 (Chrono Boost)  
  56  9:06  Blink  
  56  9:08  Probe  
  57  9:20  Probe  
  58  9:26  Assimilator  
  58  9:27  Assimilator  
  58  9:28  Pylon  
  58  9:33  Pylon  
  58  9:44  Void Ray  
  62  9:49  Probe x2 (Chrono Boost)  
  65  10:01  Probe x2 (Chrono Boost)  
  65  10:06  Protoss Ground Weapons Level 2 (Chrono Boost)  
  66  10:07  Probe (Chrono Boost)  
  66  10:08  Probe (Chrono Boost)  
  68  10:14  Protoss Shields Level 2 (Chrono Boost)  
  68  10:40  Probe  
  68  10:42  Probe  
  70  10:48  Pylon  
  70  10:51  Nexus  
  70  10:54  Pylon  
  70  10:59  Probe  
  70  11:00  Probe  
  72  11:05  Void Ray  
  72  11:07  Protoss Air Armor Level 1  
  76  11:12  Probe  
  78  11:24  Probe  
  78  11:25  Fleet Beacon  
  79  11:33  Probe  
  79  11:36  Probe  
  80  11:45  Probe  
  81  11:48  Probe  
  81  11:51  Void Ray  
  86  11:57  Probe  
  86  12:00  Probe, Unknown  
  88  12:04  Probe  
  89  12:08  Assimilator  
  89  12:09  Probe  
  89  12:12  Probe  
  91  12:16  Probe  
  91  12:22  Probe  
  93  12:24  Probe  
  93  12:28  Probe  
  95  12:33  Assimilator  
  95  12:34  Void Ray, Probe  
  100  12:46  Pylon  
  100  12:50  Pylon, Nexus  
  100  12:51  Pylon  
  100  12:52  Pylon  
  100  12:55  Pylon  
  100  13:07  Probe x3  
  103  13:18  Gateway  
  103  13:19  Probe x3  
  106  13:23  Assimilator  
  106  13:25  Stargate  
  106  13:26  Assimilator, Stargate  
  106  13:30  Stargate  
  106  13:32  Probe x2  
  106  13:33  Probe  
  109  13:41  Cybernetics Core  
  109  13:43  Protoss Ground Weapons Level 3 (Chrono Boost), Void Ray  
  109  13:44  Probe x2  
  109  13:45  Protoss Air Weapons Level 2 (Chrono Boost), Probe  
  116  13:53  Protoss Shields Level 3 (Chrono Boost)  
  116  14:01  Probe x3  
  119  14:29  Void Ray x2  
  119  14:30  Void Ray x2  
  135  14:47  Protoss Air Armor Level 2 (Chrono Boost)  
  135  15:03  Zealot x5  
  135  15:04  Zealot  
  147  15:12  Void Ray x2, Nexus  
  147  15:13  Void Ray  
  159  15:15  Pylon  
  159  15:17  Void Ray, Pylon  
  163  15:32  Probe x3  
  163  15:33  Probe  
  167  15:44  Probe  
  149  15:55  Zealot x4  
  149  15:56  Zealot x2  
  109  16:16  Zealot x2  
  109  16:17  Zealot x3  
  119  16:19  Zealot  
  121  16:32  Robotics Facility  
  121  16:35  Robotics Facility  
  121  16:36  Robotics Facility  
  121  16:38  Probe x2  
  121  16:39  Probe x2  
  125  16:45  Zealot x2  
  125  16:46  Zealot x4  
  137  16:51  Void Ray x3  
  149  16:57  Pylon, Nexus  
  149  17:00  Pylon  
  149  17:10  Pylon  
  149  17:13  Gateway  
  149  17:14  Protoss Ground Armor Level 1 (Chrono Boost)  
  149  17:19  Gateway  
  149  17:21  Protoss Air Armor Level 3 (Chrono Boost)  
  149  17:22  Gateway  
  149  17:24  Gateway  
  149  17:30  Protoss Air Weapons Level 3 (Chrono Boost)  
  149  17:39  Assimilator, Templar Archives  
  149  17:40  Assimilator  
  149  17:41  Zealot x2  
  149  17:42  Zealot x4  
  161  17:52  Carrier  
  161  17:58  Probe x3  
  170  18:10  Psionic Storm  
  170  18:19  Robotics Bay  
  170  18:49  Carrier  
  170  18:50  Carrier  
  170  18:52  Tempest x2  
  192  19:06  Protoss Ground Armor Level 2 (Chrono Boost)  
  192  19:07  Extended Thermal Lance (Chrono Boost), Colossus  
  198  19:11  Nexus  
  198  19:14  Pylon  
  198  19:16  Pylon  
  198  19:45  Gateway  
  198  19:48  Gateway  
  198  19:50  Gateway  
  198  19:52  Gateway  
  198  19:55  Gateway  
  198  19:56  Gateway  
  198  19:58  Gateway  
  198  20:02  Gateway  
  198  20:04  Gateway  
  198  20:07  Gateway  
  198  20:16  Gateway  
  198  20:18  Gateway  
  198  20:25  Gateway  
  198  20:27  Gateway  
  158  20:46  Gateway  
  150  20:53  Assimilator  
  142  20:59  Assimilator  
  110  21:20  High Templar x2  
  110  21:21  High Templar x5  
  110  21:22  High Templar x3  
  110  21:23  High Templar, Zealot x2  
  110  21:24  Zealot x4  
  110  21:25  Zealot x3  
  140  21:26  Zealot x2  
  140  21:29  Colossus x3  
  164  21:44  Tempest x2, Carrier x2  
  186  21:48  Zealot x4  
  186  21:52  Archon x4  
  186  21:53  Archon  
  194  22:23  Colossus  
  184  22:48  Void Ray  
  150  23:04  Observer x2 (Chrono Boost)  
  152  23:06  Zealot x3  
  152  23:07  Zealot x5  
  152  23:08  Zealot x4  
  152  23:09  Zealot x3  
  152  23:10  Zealot x3  
  152  23:11  Zealot x2  
  152  23:12  Zealot x4  
  200  23:22  Gravitic Boosters (Chrono Boost)  
  148  23:52  Zealot  
  148  23:53  Zealot x5  
  148  23:54  Zealot x3  
  148  23:55  Zealot x5  
  160  23:56  Zealot  
  160  23:57  Zealot x5  
  160  23:58  Zealot x3  
  160  23:59  Zealot  
  182  24:08  Zealot  
  184  24:11  Colossus  
  184  24:16  Colossus  
  196  25:43  Protoss Ground Armor Level 3 (Chrono Boost)  
  196  25:53  High Templar  
  196  25:54  High Templar  
  126  27:07  Zealot  
  126  27:08  Zealot x4  
  102  27:09  Zealot  
  102  27:11  Stalker  
  102  27:12  Stalker x3  
  102  27:13  Stalker x4  
  102  27:14  Stalker x3  
  102  27:15  Stalker x3  
  120  27:16  Stalker  
  113  27:22  Tempest  
  113  27:23  Tempest, Carrier x2  
  113  27:27  Colossus  
  113  27:28  Colossus, Observer  
  142  27:33  Stalker x3  
  142  27:34  Stalker x2  
  142  27:35  Stalker x5  
  142  27:36  Stalker x3  
  167  27:37  Stalker x3  
  167  27:38  Stalker  
  167  27:39  Stalker x2  
  173  27:50  Observer  
  158  28:01  Zealot x2  
  158  28:02  Zealot x3  
  156  28:05  Tempest  
  156  28:06  Carrier  
  156  28:10  Colossus  
  131  28:21  Stalker x3  
  131  28:22  Observer  
  120  28:27  Carrier  
  120  28:32  Zealot x2  
Show
View Real Time Build Order
Export as new Build Order

tigro Terran 

Build Orders:  

Get SALT Encoding   

  12  0:13  SCV  
  13  0:16  Supply Depot  
  13  0:25  SCV  
  14  0:37  SCV  
  15  0:43  Barracks  
  15  0:47  Refinery  
  15  1:00  SCV  
  16  1:12  SCV  
  17  1:24  SCV  
  18  1:30  Supply Depot  
  18  1:35  Marine  
  18  1:36  SCV  
  18  1:37  Refinery  
  20  1:53  Marine  
  20  2:11  Marine  
  21  2:27  SCV  
  21  2:29  Marine  
  22  2:39  SCV  
  22  2:47  Marine  
  23  2:58  Factory  
  22  3:01  SCV  
  22  3:04  Marine  
  24  3:13  SCV  
  25  3:22  Marine  
  25  3:25  SCV  
  27  3:40  Marine  
  28  3:42  Command Center  
  27  3:58  Hellion, Marine  
  29  4:16  Marine  
  29  4:20  Hellion  
  30  4:33  Marine  
  29  4:41  Hellion  
  31  4:52  Orbital Command  
  31  4:53  Marine  
  31  4:55  Refinery  
  32  5:02  Hellion  
  31  5:11  Marine  
  28  5:24  Hellion  
  29  5:29  Marine  
  31  5:42  SCV  
  31  5:45  Hellion  
  33  5:50  Armory  
  33  5:55  SCV  
  33  5:57  Barracks  
  32  6:07  Hellion, SCV  
  35  6:19  SCV  
  33  6:31  SCV  
  34  6:39  Hellion  
  33  6:53  Barracks Tech Lab  
  31  6:56  Marine  
  31  7:01  Hellion  
  34  7:10  Engineering Bay  
  34  7:13  Combat Shield  
  35  7:17  Barracks Reactor  
  35  7:19  Marine  
  35  7:22  Hellion  
  37  7:25  Terran Vehicle Weapons Level 1  
  36  7:36  Marine  
  36  7:38  Refinery  
  36  7:40  SCV  
  36  7:43  Hellion  
  38  7:52  SCV  
  38  7:54  Marine  
  40  8:04  SCV  
  40  8:05  Hellion  
  43  8:06  Terran Infantry Weapons Level 1  
  43  8:12  Marine  
  42  8:16  SCV  
  43  8:28  SCV  
  43  8:30  Marine  
  43  8:32  Stimpack  
  44  8:48  Marine  
  41  9:10  Marine x3  
  41  9:13  Factory Tech Lab  
  43  9:19  Terran Vehicle And Ship Armor Level 1  
  43  9:27  Marine  
  43  9:28  Marine x2  
  41  9:45  Marine  
  41  9:46  Marine x2  
  44  10:00  Terran Infantry Armor Level 1  
  44  10:03  Marine x3  
  44  10:06  SCV  
  48  10:19  SCV  
  49  10:21  Marine  
  50  10:31  SCV  
  51  10:43  SCV  
  52  10:55  SCV  
  53  11:13  Terran Ship Weapons Level 1  
  56  11:25  Siege Tank  
  56  11:54  Starport  
  56  12:16  Neosteel Armor  
  56  12:45  Medivac  
  58  13:01  Planetary Fortress  
  58  13:05  Marine x3  
  61  13:07  Terran Vehicle Weapons Level 2  
  61  13:13  Command Center  
  61  13:22  Marine  
  62  13:45  Starport Tech Lab  
  62  13:56  Hi-Sec Auto Tracking  
  62  14:24  Thor, Marine x3  
  62  14:27  Refinery  
  71  14:42  Marine x3  
  71  14:43  SCV  
  75  14:52  Terran Infantry Weapons Level 2  
  75  14:55  SCV  
  75  14:59  Marine  
  76  15:00  Refinery  
  77  15:23  Terran Ship Weapons Level 2  
  77  15:47  Supply Depot  
  77  16:08  Thor, Marine, SCV  
  77  16:10  Supply Depot  
  85  16:20  SCV  
  86  16:26  Marine  
  86  16:32  Supply Depot  
  87  16:33  SCV  
  87  16:39  Marine  
  65  16:40  Marine  
  65  16:44  Marine  
  65  16:45  SCV  
  59  16:51  Thor  
  65  16:55  Supply Depot  
  65  16:57  Marine x2, SCV  
  68  17:02  Marine  
  69  17:08  Terran Infantry Armor Level 2  
  69  17:09  SCV  
  69  17:15  Marine x2  
  71  17:18  Supply Depot  
  71  17:19  Marine  
  71  17:20  Medivac  
  75  17:30  Fusion Core  
  75  17:33  Marine x2  
  75  17:34  Thor  
  75  17:36  Factory  
  83  17:37  Marine  
  83  17:38  Terran Vehicle And Ship Armor Level 2  
  84  17:50  Medivac  
  86  18:11  Missile Turret  
  86  18:17  Thor  
  92  18:29  Marine x3  
  92  18:31  Missile Turret  
  95  18:47  Marine x3  
  98  18:52  Missile Turret  
  98  18:55  Factory Tech Lab  
  98  18:59  Thor  
  104  19:04  Command Center  
  104  19:05  Marine x3  
  107  19:13  Missile Turret  
  107  19:14  Orbital Command  
  107  19:22  Marine  
  107  19:23  Marine x2  
  110  19:27  Siege Tank  
  110  19:31  Weapon Refit  
  113  19:33  Missile Turret  
  113  19:41  Marine  
  113  19:42  Thor  
  113  19:43  SCV, Refinery  
  121  19:53  Missile Turret  
  121  19:55  SCV  
  122  20:07  SCV  
  122  20:09  Command Center  
  123  20:15  Missile Turret  
  123  20:19  Refinery  
  123  20:20  SCV  
  122  20:25  Thor, Refinery  
  128  20:32  SCV x2  
  130  20:37  Missile Turret  
  130  20:44  SCV  
  131  20:56  SCV  
  132  20:59  Battlecruiser  
  132  21:01  Missile Turret  
  132  21:03  Thor  
  144  21:08  Thor, SCV  
  144  21:11  Rapid Reignition System  
  151  21:20  SCV  
  151  21:22  Missile Turret  
  152  21:27  Planetary Fortress  
  152  21:34  Refinery  
  152  21:36  Missile Turret  
  152  21:43  Missile Turret  
  152  21:45  Thor  
  158  21:51  Thor, Refinery  
  164  21:56  Missile Turret  
  164  22:04  Battlecruiser, Missile Turret  
  170  22:18  Missile Turret  
  170  22:25  Missile Turret  
  170  22:45  Missile Turret x2  
  170  23:07  Missile Turret  
  170  23:25  Missile Turret  
  170  23:27  Supply Depot, Missile Turret  
  170  23:37  Refinery  
  170  23:48  Battlecruiser  
  170  23:49  Missile Turret  
  170  23:50  Supply Depot  
  176  24:03  Missile Turret  
  176  24:11  Thor  
  176  24:13  Supply Depot  
  182  24:34  Thor  
  188  24:42  Missile Turret  
  188  24:48  Supply Depot  
  188  24:53  Battlecruiser  
  194  25:09  Thor  
  194  25:11  Supply Depot  
  200  25:34  Supply Depot  
  179  27:10  Thor  
  180  27:53  Thor  
  176  28:18  Battlecruiser  
  164  28:30  Marine x3  
  167  28:36  Thor  
  173  28:47  Marine  
  173  28:48  Marine x2  
  176  29:05  Marine x3  
  179  29:19  Thor  
  179  29:22  Battlecruiser  
  179  29:23  Marine x3  
  194  29:41  Marine  
  195  29:52  Terran Vehicle And Ship Armor Level 3  
  195  29:55  Terran Infantry Weapons Level 3  
  195  30:21  Refinery  
  171  31:53  Thor  
  171  31:54  Thor  
  85  32:03  Battlecruiser  
  85  32:04  Marine  
  85  32:05  Marine x2  
  82  32:22  Marine x3  
  76  32:29  Terran Vehicle Weapons Level 3  
  71  32:32  Terran Infantry Armor Level 3  
  71  32:36  Thor x2  
  82  32:40  Marine x3  
  78  32:58  Marine x3  
  74  33:07  Battlecruiser  
  74  33:16  Marine x3  
  74  33:19  Thor x2  
  86  33:33  Marine  
  86  33:34  Marine x2  
  89  33:46  Starport  
  89  33:51  Marine x2  
  89  33:52  Marine  
  92  34:02  Thor x2  
  104  34:09  Marine  
  80  34:49  Starport Tech Lab  
Show
View Real Time Build Order
Export as new Build Order

IA (Fácil) Terran 

Build Orders:  

Get SALT Encoding   

  12  0:01  SCV  
  13  0:13  SCV  
  14  0:18  Supply Depot  
  14  0:25  SCV  
  15  0:40  SCV  
  16  0:44  Barracks  
  16  0:47  Refinery  
  16  1:09  Supply Depot  
  16  1:21  Refinery  
  16  1:31  Marine  
  16  1:32  Orbital Command  
  17  1:50  Barracks Tech Lab  
  17  1:59  SCV  
  17  2:08  Marine  
  18  2:17  Supply Depot  
  16  2:23  SCV  
  17  2:33  Marauder  
  18  2:37  SCV  
  16  2:49  SCV  
  17  2:57  Marine  
  16  3:01  SCV  
  13  3:13  SCV  
  11  3:22  Marine  
  11  3:25  SCV  
  10  3:37  SCV  
  11  3:47  Marine  
  11  3:49  SCV  
  12  4:02  SCV  
  13  4:12  Marauder  
  13  4:14  SCV  
  6  4:26  SCV  
  7  4:36  Marine  
  4  5:00  Marine  
  2  6:16  Supply Depot  
Show
View Real Time Build Order
Export as new Build Order

IA (Fácil) Terran 

Build Orders:  

Get SALT Encoding   

  12  0:01  SCV  
  13  0:13  SCV  
  14  0:19  Supply Depot  
  14  0:25  SCV  
  15  0:41  SCV  
  16  0:43  Barracks  
  16  0:47  Refinery  
  16  1:10  Supply Depot  
  16  1:20  Refinery  
  16  1:31  Marine  
  17  1:33  Orbital Command  
  17  1:50  Barracks Tech Lab  
  12  1:58  SCV  
  8  2:08  Marine  
  4  2:10  SCV  
  4  2:23  SCV  
  4  2:26  Marauder  
  7  2:35  SCV  
  6  2:47  Marine, SCV  
  8  2:59  SCV  
  9  3:11  SCV  
  7  3:23  SCV  
  6  3:35  SCV  
  4  3:47  SCV  
  2  3:59  SCV  
Show
View Real Time Build Order
Export as new Build Order

IA (Fácil) Terran 

Build Orders:  

Get SALT Encoding   

  12  0:01  SCV  
  13  0:13  SCV  
  14  0:19  Supply Depot  
  14  0:25  SCV  
  15  0:40  SCV  
  15  0:42  Barracks  
  16  0:46  Refinery  
  16  1:08  Supply Depot  
  16  1:20  Refinery  
  16  1:29  Marine  
  16  1:31  Orbital Command  
  17  1:48  Barracks Tech Lab  
  17  2:06  Marine  
  18  2:13  Supply Depot, SCV  
  18  2:25  SCV  
  19  2:32  Marine  
  20  2:37  SCV  
  21  2:49  SCV  
  22  2:57  Marine  
  22  3:01  SCV  
  23  3:13  SCV  
  24  3:23  Marine  
  22  3:50  Marauder  
  22  3:55  SCV  
  22  4:07  SCV  
  22  4:15  Marine  
  23  4:19  SCV  
  25  4:31  SCV  
  23  4:41  Marauder  
  24  5:03  SCV  
  24  5:06  Marine  
  24  5:16  SCV  
  22  5:28  SCV  
  22  5:33  Marauder  
  24  5:40  SCV  
  24  5:58  Marine  
  23  6:10  SCV  
  18  6:23  SCV  
  18  6:24  Marine  
  11  6:35  SCV  
  11  6:47  SCV  
  11  6:50  Marine  
  12  6:59  SCV  
  13  7:09  Marauder  
  13  7:11  Factory, SCV  
  16  7:20  Supply Depot  
  16  7:23  SCV  
  16  7:29  Marine  
  17  7:35  SCV  
  17  7:47  Marine, SCV  
  17  7:48  Command Center  
  18  7:58  Starport  
  18  7:59  SCV  
  16  8:11  SCV  
  16  8:12  Marauder  
  13  8:19  Hellion  
  8  8:23  SCV  
  8  8:32  Marine  
  9  8:36  SCV  
  9  8:37  Starport Tech Lab  
  8  8:42  Hellion  
  8  8:48  SCV  
  9  8:53  Command Center  
  9  8:56  Viking  
  9  9:00  SCV  
  9  9:16  Barracks  
  8  9:17  SCV  
  5  9:26  Raven  
  5  9:29  SCV  
  6  9:41  SCV  
  5  9:53  SCV  
  6  10:16  SCV  
  6  10:18  Barracks Tech Lab  
  4  10:45  SCV  
  5  11:08  SCV  
  6  11:25  SCV  
  7  11:37  SCV  
  8  12:27  SCV  
  9  12:32  Supply Depot  
Show
View Real Time Build Order
Export as new Build Order

IA (Fácil) Zerg 

Build Orders: Pool Only 

Get SALT Encoding   

  12  0:01  Drone  
  13  0:12  Overlord  
  13  0:18  Drone  
  14  0:31  Drone  
  14  0:35  Drone  
  16  0:44  Spawning Pool  
  16  0:47  Extractor  
  16  0:48  Drone  
  15  0:52  Drone  
  16  0:59  Overlord  
  14  1:31  Zergling x2  
  14  1:32  Queen, Drone  
  17  1:36  Drone  
  18  1:42  Drone  
  19  1:52  Zergling x2  
  16  2:12  Spawning Pool  
  15  2:15  Drone  
  16  2:24  Drone  
  16  2:29  Drone  
  17  2:35  Drone  
  18  2:59  Zergling x2  
  18  3:01  Roach Warren  
  18  3:02  Extractor  
  18  3:04  Drone  
  18  3:09  Drone  
  18  3:12  Zergling x2  
  20  3:25  Drone  
  20  3:26  Zergling x2  
  21  3:41  Zergling x2  
  19  3:45  Queen  
  19  3:54  Roach  
  19  3:55  Drone  
  20  4:01  Drone  
  19  4:07  Drone  
  19  4:17  Drone  
  20  4:24  Zergling x2  
  21  4:37  Zergling x2  
  22  4:51  Drone, Roach  
  22  5:04  Zergling x2  
  20  5:15  Queen  
  20  5:18  Roach  
  21  5:31  Zergling x2  
  20  5:42  Drone  
  20  5:46  Roach  
  18  5:56  Drone  
  16  6:00  Zergling x2  
  16  6:03  Drone  
  10  6:12  Drone  
  10  6:18  Roach  
  9  6:25  Drone  
Show
View Real Time Build Order
Export as new Build Order

IA (Fácil) Zerg 

Build Orders: Pool First 

Get SALT Encoding   

  12  0:01  Drone  
  13  0:12  Overlord  
  13  0:17  Drone  
  14  0:30  Drone  
  14  0:35  Drone  
  16  0:42  Spawning Pool  
  16  0:45  Extractor  
  16  0:47  Drone  
  15  0:52  Drone  
  16  0:59  Overlord  
  16  1:29  Zergling x2  
  16  1:32  Queen  
  19  1:33  Roach Warren  
  19  1:34  Extractor  
  19  1:35  Zergling x2  
  19  1:37  Drone  
  19  1:42  Drone  
  20  1:51  Zergling x2  
  21  2:01  Zergling x2  
  21  2:12  Zergling x2  
  20  2:23  Zergling x2  
  21  2:34  Zergling x2  
  22  2:39  Zergling x2  
  22  2:40  Overlord  
  23  2:45  Zergling x2  
  23  2:52  Zergling x2  
  23  2:58  Zergling x2  
  22  3:08  Zergling x2  
  23  3:14  Zergling x2  
  22  3:21  Zergling x2  
  21  3:27  Zergling x2  
  21  3:33  Zergling x2  
  22  3:40  Zergling x2  
  23  3:45  Zergling x2  
  22  3:51  Zergling x2  
  23  3:57  Zergling x2  
  24  4:03  Zergling x2  
  25  4:10  Zergling x2  
  25  4:13  Drone  
  25  4:17  Zergling x2  
  27  4:18  Drone  
  27  4:23  Drone  
  29  4:28  Drone  
  29  4:38  Zergling x2  
  30  4:46  Drone  
  30  4:48  Overlord  
  30  4:50  Drone  
  32  5:18  Drone  
  32  5:19  Lair  
  33  5:32  Drone  
  34  5:39  Overlord  
  34  5:44  Drone  
  34  5:48  Drone  
  36  6:18  Spire  
  36  6:19  Overseer x2  
  35  6:32  Zergling x2  
  29  6:45  Zergling x2  
  30  6:58  Zergling x2  
  31  7:32  Mutalisk  
  33  7:40  Hatchery  
  32  7:44  Mutalisk  
  34  7:57  Mutalisk  
  35  8:11  Zergling x2  
  36  8:53  Drone  
  37  8:57  Drone  
  37  9:02  Drone  
  39  9:06  Drone  
  39  9:09  Extractor x2  
  38  9:10  Drone  
  38  9:14  Drone  
  40  9:19  Drone  
  40  9:23  Drone  
  42  9:27  Drone  
  43  9:32  Drone  
  43  9:36  Drone  
  45  9:40  Drone  
  45  9:42  Pneumatized Carapace  
  45  9:43  Overseer, Corruptor, Infestation Pit  
  45  9:45  Evolution Chamber, Drone  
  47  9:49  Drone  
  48  9:53  Drone  
  48  9:55  Overlord  
  48  9:58  Drone  
  50  10:02  Drone  
  50  10:06  Drone  
  52  10:11  Drone  
  52  10:12  Zerg Melee Weapons Level 1  
  52  10:16  Zergling x2, Drone  
  52  10:20  Drone  
  52  10:24  Drone  
  52  10:26  Hive  
  51  10:29  Drone  
  51  10:33  Drone  
  49  10:37  Drone  
  50  11:38  Greater Spire  
  50  11:40  Overlord, Overseer  
  50  12:07  Zerg Missile Weapons Level 1  
  50  12:51  Brood Lord, Corruptor  
  54  13:31  Brood Lord, Corruptor  
  58  14:01  Zergling x2, Hatchery, Zerg Ground Armor Level 1  
  58  14:02  Overlord, Zerg Flyer Weapons Level 1  
  58  14:05  Zergling x2  
  58  14:09  Mutalisk  
  59  14:13  Mutalisk  
  63  14:19  Zergling x2  
  63  14:21  Overlord  
  63  14:23  Zergling x2  
  65  14:27  Mutalisk  
  65  14:29  Overseer  
  67  14:32  Mutalisk  
  67  14:34  Overseer  
  67  14:35  Overlord x2  
  58  14:49  Overlord  
  58  14:53  Zergling x2  
  58  14:58  Zergling x2  
  60  15:07  Zergling x2, Overlord  
  60  15:11  Zergling x2, Overseer  
  62  15:14  Drone  
  62  15:16  Zergling x2  
  62  15:18  Drone  
  62  15:19  Extractor  
  62  15:20  Mutalisk  
  62  15:21  Extractor  
  65  15:23  Drone  
  65  15:24  Mutalisk  
  65  15:27  Overlord, Drone  
  69  15:29  Mutalisk  
  69  15:31  Drone  
  69  15:33  Mutalisk  
  74  15:36  Drone  
  74  15:38  Zergling x2  
  74  15:40  Drone  
  77  15:44  Drone  
  78  15:55  Zerg Melee Weapons Level 2  
  78  15:56  Zerg Flyer Armor Level 1  
  78  17:21  Zergling x2  
  77  17:25  Zergling x2  
  77  17:27  Overlord  
  70  17:30  Zergling x2  
  70  17:34  Zergling x2  
  56  17:39  Zergling x2  
  56  17:43  Zergling x2, Overseer  
  58  17:45  Overlord  
  58  17:48  Zergling x2  
  58  17:51  Overseer  
  57  17:52  Zergling x2  
  57  17:56  Mutalisk  
  58  18:03  Queen  
  58  18:04  Overlord  
  55  18:11  Roach  
  55  18:22  Overlord  
  53  18:28  Overlord  
  53  18:31  Roach Warren  
  49  18:41  Spawning Pool  
  49  18:43  Overlord  
  49  18:48  Overlord x2  
  44  18:50  Extractor  
  44  18:52  Extractor  
  44  18:54  Hatchery, Evolution Chamber  
  38  18:56  Extractor  
  35  19:07  Overlord, Drone  
  17  19:11  Spawning Pool  
  17  19:16  Drone  
  17  19:27  Drone  
  18  19:32  Hatchery  
  16  19:48  Overlord  
  1  20:34  Hatchery  
    20:44  Overlord  
    20:55  Drone  
  1  21:06  Drone  
  2  21:13  Hatchery  
  2  21:16  Drone  
  2  21:27  Drone  
  3  21:36  Hatchery  
  2  21:46  Drone  
  3  21:50  Drone  
  4  21:56  Extractor, Overlord  
  4  21:57  Drone  
  4  22:00  Evolution Chamber  
  3  22:07  Drone  
  4  22:11  Drone  
  5  22:18  Drone  
  5  22:20  Overlord  
  6  22:25  Drone  
  6  22:26  Spawning Pool  
  3  22:38  Drone  
  3  22:41  Extractor  
  3  22:42  Overlord  
  3  22:43  Drone  
  4  22:47  Drone  
  5  22:53  Drone  
  5  22:57  Drone  
  7  23:01  Drone  
  7  23:03  Overlord  
  8  23:06  Drone  
  8  23:10  Drone  
  10  23:13  Lair  
  10  23:14  Drone  
  10  23:15  Zergling x2, Queen  
  10  23:18  Roach Warren, Drone  
  14  23:23  Drone  
  15  23:27  Drone  
  15  23:31  Drone  
  15  23:33  Overlord  
  17  23:36  Drone  
  17  23:40  Drone  
  19  23:44  Drone  
  20  23:49  Drone  
  20  23:53  Drone  
  22  23:57  Drone  
  22  23:58  Roach  
  22  24:01  Drone  
  26  24:06  Drone  
  26  24:08  Roach  
  29  24:11  Overseer  
  29  24:12  Overlord, Overseer  
  29  24:13  Overseer  
  29  24:14  Drone  
  29  24:15  Infestation Pit  
  29  24:19  Roach  
  29  24:20  Hydralisk Den  
  29  24:22  Drone  
  31  24:27  Drone  
  31  24:28  Roach  
  33  24:31  Drone  
  33  24:35  Drone  
  33  24:36  Zergling x2  
  36  24:40  Drone  
  36  24:41  Overlord, Overseer  
  36  24:44  Drone  
  38  24:46  Roach  
  38  24:48  Drone  
  38  24:49  Queen  
  34  24:53  Drone  
  34  24:57  Drone  
  20  25:02  Drone  
  20  25:05  Overseer  
  20  25:06  Roach  
  22  25:11  Drone  
  22  25:14  Hydralisk  
  19  25:18  Overseer  
  18  25:22  Hydralisk  
  7  25:31  Evolution Chamber  
  7  25:33  Drone  
Tags
 
Add a new tag
Caveats
  • Supply blocks, unpowered buildings, or Contaminate may cause inaccurate times.
  • Supply counts are checked every 10 seconds.